 Dungeon Crawl Stone Soup version 0.30-a0-377-g5cb311bc9f (webtiles) character file.

Game seed: 2550717362513040133

7738 qeuew the Cardsharp (level 11, -10/68 HPs)
             Began as a Gargoyle Fighter on Nov 30, 2022.
             Was a High Priest of Nemelex Xobeh.
             Mangled by a two-headed ogre
             ... wielding a +0 giant spiked club
              (14 damage)
             ... on level 10 of the Dungeon.
             The game lasted 00:12:26 (9910 turns).

qeuew the Cardsharp (Gargoyle Fighter)              Turns: 9910, Time: 00:12:29

Health: -10/68     AC: 19    Str: 23    XL:     11   Next: 19%
Magic:  17/17      EV: 13    Int:  8    God:    Nemelex Xobeh [*****.]
Gold:   878        SH:  6    Dex: 14    Spells: 10/10 levels left

rFire   . . .      SeeInvis .    a - +1 flail (freeze)
rCold   . . .      Faith    .    c - +0 buckler
rNeg    + + .      Spirit   .    y - +0 troll leather armour
rPois   ∞          Reflect  .    (no helmet)
rElec   +          Harm     .    (no cloak)
rCorr   .          Rampage  .    (no gloves)
Will    .....                    (no boots)
Stlth   +.........               (no amulet)
HPRegen 1.11/turn                p - +4 ring of slaying
MPRegen 0.15/turn                l - ring "Ebleamor" {rN+ AC+4 Dex+3}

@: studying Fighting
A: sickness immunity, AC +8, negative energy resistance 1, electricity
resistance, torment resistance 1, petrification resistance, iridescent scales 1,
wild magic 1
a: Renounce Religion, Draw Escape, Draw Destruction, Draw Summoning, Triple
Draw, Deal Four, Stack Five


You were on level 10 of the Dungeon.
You worshipped Nemelex Xobeh.
Nemelex Xobeh was extremely pleased with you.
You visited 1 branch of the dungeon, and saw 10 of its levels.
You also visited: Sewer and Bailey.

You collected 878 gold pieces.

Inventory:

Hand Weapons
 a - a +1 flail of freezing (weapon)
Missiles
 i - a throwing net (quivered)
Armour
 c - a +0 buckler (worn)
 y - a +0 troll leather armour (worn)
Jewellery
 l - the ring "Ebleamor" (right hand) {rN+ AC+4 Dex+3}
   (You acquired it on level 5 of the Dungeon)

   [ring of protection]

   AC:        It affects your AC (+4).
   Dex:       It affects your dexterity (+3).
   rN:        It protects you from negative energy.
 p - a +4 ring of slaying (left hand)
 x - a ring of see invisible
Wands
 e - a wand of acid (4)
 o - a wand of charming (14)
 u - a wand of flame (11)
 w - a wand of mindburst (15)
Scrolls
 h - 5 scrolls of teleportation
 j - 3 scrolls of enchant weapon
 q - a scroll of magic mapping
 s - 3 scrolls of enchant armour
 t - a scroll of fear
 A - a scroll of summoning
 B - a scroll of amnesia
Potions
 b - 5 potions of heal wounds
 d - 6 potions of might
 f - 2 potions of haste
 g - 7 potions of brilliance
 k - 5 potions of curing
 m - 2 potions of cancellation
 n - 2 potions of mutation
 r - 4 potions of invisibility
 v - a potion of flight
 z - a potion of resistance {unknown}


   Skills:
 + Level 8.2 Fighting
 * Level 8.4 Maces & Flails
 + Level 7.1 Armour
 + Level 4.5 Dodging
 + Level 7.3 Shields
 * Level 8.6 Invocations
 + Level 4.3 Evocations


You had 10 spell levels left.
You didn't know any spells.
Your spell library contained the following spells:

 Spells                   Type           Power      Damage    Failure   Level
 Beastly Appendage        Tmut           0%         N/A       61%         1
 Ensorcelled Hibernation  Hex/Ice        0%         N/A       75%         2
 Wereblood                Tmut           0%         N/A       75%         2
 Gell's Gravitas          Tloc           0%         N/A       92%         3
 Hailstorm                Conj/Ice       0%         3d3       92%         3
 Lesser Beckoning         Tloc           0%         N/A       92%         3
 Spider Form              Tmut/Pois      0%         N/A       92%         3
 Teleport Other           Tloc           0%         N/A       92%         3
 Tukima's Dance           Hex            0%         N/A       92%         3
 Anguish                  Hex/Necr       0%         N/A       100%        4
 Ice Form                 Ice/Tmut       0%         N/A       100%        4
 Passage of Golubria      Tloc           0%         N/A       100%        4
 Yara's Violent Unravell  Hex/Tmut       0%         3d3       100%        5
 Dispersal                Tloc           0%         N/A       100%        6
 Simulacrum               Ice/Necr       0%         N/A       100%        6


Dungeon Overview and Level Annotations

Branches:
Dungeon (10/15)            Temple (0/1) D:6           Sewer (visited)
 Bailey (visited)
   Lair: D:8-11         Orc: D:9-12

Altars:
Gozag
Hepliaklqana
Nemelex Xobeh
Okawaru
Qazlal
Ru
Sif Muna
Vehumet
Wu Jian
Yredelemnul
The Shining One

Shops:
D:5 (   D:7 *

Annotations:
D:9 exclusion: obsidian statue


Innate Abilities, Weirdness & Mutations

You are immune to sickness and miasma.
Your stone body is resilient. (AC +8)
You are immune to poison.
You resist negative energy. (rN+)
You are resistant to electric shocks. (rElec)
You are resistant to unholy torment.
You are immune to petrification.
You are partially covered in iridescent scales. (AC +2)
Your spells are a little harder to cast, but a little more powerful.


Message History

Done exploring.
No target in view!
You can't go down here!
Unknown command.
Okay, then.
There is a gate leading back out of this place here.
Welcome back to the Dungeon!
There is an empty arch of ancient stone here.
There is a stone staircase leading down here.
A two-headed ogre comes into view.
It is wielding two +0 giant spiked clubs.
The two-headed ogre shouts in stereo!
A two-headed ogre is nearby!
The two-headed ogre hits you with a +0 giant spiked club! x2
You sock the two-headed ogre! You freeze the two-headed ogre.
The two-headed ogre is moderately wounded.
The two-headed ogre closely misses you. x2
You sock the two-headed ogre! You freeze the two-headed ogre.
The two-headed ogre is heavily wounded.
You thump the two-headed ogre! You freeze the two-headed ogre.
The two-headed ogre is severely wounded.
The two-headed ogre hits you with a +0 giant spiked club.
The two-headed ogre hits you with a +0 giant spiked club!
You are too injured to fight recklessly!
You are too injured to fight recklessly!
You are too injured to fight recklessly!
You are too injured to fight recklessly!
You are too injured to fight recklessly!
You are too injured to fight recklessly!
You are too injured to fight recklessly!
You are too injured to fight recklessly!
You are too injured to fight recklessly!
You are too injured to fight recklessly!
You are too injured to fight recklessly!
You draw a card...
You have drawn the Storm.
A fierce wind blows from the card.
You hear mighty peals of thunder!
The two-headed ogre hits you with a +0 giant spiked club!!
* * * LOW HITPOINT WARNING * * *
The two-headed ogre hits you with a +0 giant spiked club!
You die...
Your body glows with a rainbow of weird colours and disappears.

#.........8.....#.....
####.........#.######.
#.#.#######.######(
##..>...............
#....###....#######.
#...........+,,,,...
#....###....#***###.
#....# *,,..# ##
#..@.# *,,,,# #..O.#
*,,,,* #....#**,,,,*
#....#*,,,,,*
#....#*,,,,,*
#.....*,,,,,*
#.....*,,,,,*
###...#,,,,,* ******
*,,,*,,,,,* *,,,,,


You could see a two-headed ogre.

Vanquished Creatures
  An orc knight (Bailey)
  A manticore (D:6)
  A troll (D:10)
  A wyvern (D:9)
  4 yaks (D:9)
  A steam dragon (D:9)
  2 water moccasins
  3 orc warriors
  2 ice beasts (D:6)
  2 black bears (D:6)
  2 sky beasts (D:6)
  2 ogres
  5 centaurs
  5 kobold brigands
  A phantom (D:7)
  3 bullfrogs
  3 necrophages
  A gnoll sergeant (D:7)
  6 scorpions
  6 wights
  4 killer bees (D:9)
  4 howler monkeys (D:8)
  3 orc priests
  4 hounds
  A jelly (D:7)
  5 iguanas
  2 gnoll boudas (D:8)
  13 orc wizards
  30 gnolls
  10 adders
  9 river rats
  A white imp (D:6)
  3 ufetubi
  3 worms (D:5)
  6 dart slugs
  34 orcs
  6 bats
  4 endoplasms
  9 giant cockroaches
  6 goblins
  8 hobgoblins
  6 quokkas
  11 ball pythons
  5 frilled lizards
  43 kobolds
  23 rats
305 creatures vanquished.

Vanquished Creatures (collateral kills)
  A two-headed ogre (D:10)
  A troll (D:10)
  A centaur (D:10)
  2 wights (D:8)
  An orc wizard (D:8)
  A gnoll (D:8)
7 creatures vanquished.

Vanquished Creatures (others)
  A plant (D:5)
1 creature vanquished.

Grand Total: 313 creatures vanquished

Notes
Turn   | Place    | Note
-------+----------+-------------------------------------------
     0 | D:1      | qeuew the Gargoyle Fighter began the quest for the Orb.
     0 | D:1      | Reached XP level 1. HP: 14/14 MP: 1/1
    47 | D:1      | Reached XP level 2. HP: 19/19 MP: 2/2
   232 | D:1      | Reached XP level 3. HP: 2/23 MP: 3/3
   579 | D:1      | Gained mutation: You are partially covered in iridescent
                  | scales. (AC +2) [potion of mutation]
   579 | D:1      | Gained mutation: Your spells are a little harder to cast,
                  | but a little more powerful. [potion of mutation]
   620 | D:2      | Found a faded altar of an unknown god.
   640 | D:2      | Prayed at the altar of an unknown god.
   640 | D:2      | Became a worshipper of Nemelex Xobeh the Trickster
   640 | D:2      | Reached * piety under Nemelex Xobeh
   720 | D:2      | Received a gift from Nemelex Xobeh
   841 | D:2      | Reached XP level 4. HP: 26/28 MP: 4/4
  1047 | D:2      | Reached ** piety under Nemelex Xobeh
  1262 | D:3      | Received a gift from Nemelex Xobeh
  1360 | D:3      | Reached skill level 1 in Dodging
  1360 | D:3      | Reached skill level 1 in Invocations
  1487 | D:3      | Reached XP level 5. HP: 33/33 MP: 4/6
  2294 | D:4      | Reached XP level 6. HP: 24/38 MP: 7/7
  2321 | D:4      | Found a glowing drain.
  2346 | Sewer    | Entered a sewer
  2782 | Sewer    | Reached XP level 7. HP: 34/44 MP: 9/9
  3260 | D:4      | Reached *** piety under Nemelex Xobeh
  3624 | D:4      | Found a sacrificial altar of Ru.
  3754 | D:4      | Identified 2 scrolls of acquirement
  3795 | D:5      | Entered Level 5 of the Dungeon
  3822 | D:5      | Acquired the ring "Ebleamor" {rN+ AC+4 Dex+3}
  4024 | D:5      | Received a gift from Nemelex Xobeh
  4057 | D:5      | Reached XP level 8. HP: 48/48 MP: 11/11
  4125 | D:5      | Found a basalt altar of Yredelemnul.
  4248 | D:5      | Reached skill level 5 in Maces & Flails
  4248 | D:5      | Reached skill level 5 in Shields
  4248 | D:5      | Reached skill level 1 in Evocations
  4379 | D:5      | Found Nuama's Antique Weapon Emporium.
  4431 | D:5      | Reached skill level 5 in Fighting
  4431 | D:5      | Reached skill level 5 in Armour
  4610 | D:5      | Received a gift from Nemelex Xobeh
  4615 | D:5      | Found a stormy altar of Qazlal.
  4630 | D:5      | Reached **** piety under Nemelex Xobeh
  5190 | D:6      | Reached skill level 5 in Invocations
  5340 | D:6      | Found a staircase to the Ecumenical Temple.
  5462 | D:6      | Reached XP level 9. HP: 42/54 MP: 11/13
  5703 | D:6      | Noticed a manticore
  5719 | D:6      | Killed a manticore
  6097 | D:6      | Acquired a manual of Fighting
  6189 | D:7      | Found Duufuxt's General Store.
  6192 | D:7      | Found a hazy altar of Hepliaklqana.
  6198 | D:7      | Found an opulent altar of Gozag.
  6198 | D:7      | Found a shimmering blue altar of Sif Muna.
  6235 | D:7      | HP: 1/55 [orc warrior/+0 war axe (9)]
  6268 | D:7      | Received a gift from Nemelex Xobeh
  6379 | D:7      | Reached XP level 10. HP: 58/60 MP: 15/15
  6979 | D:7      | Received a gift from Nemelex Xobeh
  7054 | D:8      | Found a radiant altar of Vehumet.
  7385 | D:8      | Received a gift from Nemelex Xobeh
  7949 | D:8      | Found an iron altar of Okawaru.
  8099 | D:9      | Reached ***** piety under Nemelex Xobeh
  8099 | D:9      | Received a gift from Nemelex Xobeh
  8548 | D:9      | Found a glowing golden altar of the Shining One.
  8756 | D:9      | Noticed an obsidian statue
  9155 | D:9      | Found an ornate altar of the Wu Jian Council.
  9449 | D:10     | Entered Level 10 of the Dungeon
  9455 | D:10     | Noticed a two-headed ogre
  9464 | D:10     | Reached XP level 11. HP: 28/68 MP: 17/17
  9472 | D:10     | Killed a two-headed ogre
  9503 | D:10     | Found a flagged portal.
  9513 | Bailey   | Entered a bailey
  9733 | Bailey   | Noticed an orc knight
  9742 | Bailey   | Killed an orc knight
  9802 | Bailey   | Received a gift from Nemelex Xobeh
  9903 | D:10     | Noticed a two-headed ogre
  9910 | D:10     | Mangled by a two-headed ogre

Illustrated notes

Levels and vault maps discovered:
D:1:      lemuel_arrival_cross, layout_rooms
D:2:      layout_loops_cross, ebering_ecumenical_altar_sacrificial
D:3:      layout_basic, serial_rivers, chequers_serial_rivers_micro_a,
          chequers_serial_rivers_micro_b, chequers_serial_rivers_micro_d,
          chequers_serial_rivers_room_b
D:4:      layout_cave_pools, nicolae_ru_the_path_less_chosen,
          gup_sewer_entry_pipe, amcnicky_mini_corridor_feature,
          chequers_serial_rivers_micro_e
D:5:      layout_gridville, lemuel_coloured_pillars_altar, grunt_qazlal_clouds,
          hangedman_decor_riveting, minmay_shop_grid_forest,
          grunt_ministairs_14, serial_bayou_crossing
D:6:      minmay_polygon_palace, layout_basic, minmay_temple_entry_proselytizer
D:7:      layout_basic, gammafunk_temple_overflow_forgotten, serial_shops,
          nicolae_shop_behind_doors
D:8:      layout_loops_ring, vehumet_crystals, amcnicky_altar_gilded
D:9:      layout_basic, mainiacjoe_overflow_tiny_flanked,
          nicolae_wu_jian_immortal_techniques, minivault_16,
          nrook_mini_backslash
D:10:     layout_basic, enter_bailey_6, ebering_dispersal_statue_hall

Skill      XL: |  1  2  3  4  5  6  7  8  9 10 11 |
---------------+----------------------------------+-----
Dodging        | 1 2 3 4 |  4.5
Invocations    | 1 2 3 4 5 6 8 |  8.6
Maces & Flails | 3 4 5 6 8 |  8.4
Fighting       | 4 5 6 7 8 |  8.2
Shields        | 4 5 6 7 |  7.3
Armour         | 4 5 6 7 |  7.1
Evocations     | 2 3 4 |  4.3

Action                   |  1- 3 |  4- 6 |  7- 9 | 10-12 || total
-------------------------+-------+-------+-------+-------++-------
Melee: Flail             |   112 |   265 |   319 |   306 ||  1002
Invok: Draw Destruction  |       |       |     1 |     9 ||    10
       Draw Summoning    |       |       |       |     5 ||     5
  Use: Scroll            |     4 |     6 |    10 |     4 ||    24
       Potion            |     1 |     2 |     2 |     2 ||     7
 Stab: Invisible         |       |     1 |       |       ||     1
       Petrified         |       |       |       |     3 ||     3
Armor: Scale mail        |    87 |   229 |   236 |   142 ||   694
       Troll leather arm |       |       |       |    23 ||    23
Dodge: Dodged            |    84 |   189 |   209 |   180 ||   662
Block: Buckler           |    38 |    78 |    88 |    95 ||   299

Table legend: (Time is in decaauts)
 A = Elapsed time spent in this place.
 B = Non-inter-level travel time spent in this place.
 C = Inter-level travel time spent in this place.
 D = Time resting spent in this place.
 E = Time spent auto-exploring this place.
 F = Levels seen in this place.
 G = Mean time per level.
                   A        B        C        D        E       F      G
               +--------+--------+--------+--------+--------+-----+--------+
         Total |  10124 |   9918 |    206 |    100 |   7679 |  12 |  843.7 |
       Dungeon |   8958 |   8752 |    206 |    100 |   6943 |  10 |  895.8 |
         Sewer |    783 |    783 |      0 |      0 |    479 |   1 |  783.0 |
        Bailey |    382 |    382 |      0 |      0 |    257 |   1 |  382.0 |
               +--------+--------+--------+--------+--------+-----+--------+

Top non-repeatable levels by time:
     D:9: 1396 daAuts
     D:6: 1196 daAuts
     D:5: 1169 daAuts
     D:3: 1035 daAuts
     D:8: 1018 daAuts
     D:7: 934 daAuts
     D:4: 825 daAuts
   Sewer: 783 daAuts
     D:2: 681 daAuts
     D:1: 616 daAuts
  Bailey: 382 daAuts
    D:10: 83 daAuts
